 Dungeon Crawl Stone Soup version 0.31.0-11-ge490571c62 (webtiles) character file.

Game seed: 13190490576872950529

1379 qw the Skirmisher (level 8, -10/46 HPs)
             Began as a Deep Elf Hunter on Feb 3, 2024.
             Was a Follower of Okawaru.
             Mangled by Maggie
             ... wielding a +0 heavy war axe
              (11 damage)
             ... on level 6 of the Dungeon.
             The game lasted 00:00:25 (4738 turns).

qw the Skirmisher (Deep Elf Hunter)                 Turns: 4738, Time: 00:00:26

Health: -10/46     AC:  9    Str: 10    XL:     8   Next: 39%
Magic:  12/12      EV: 15    Int: 15    God:    Okawaru [*.....]
Gold:   122        SH:  0    Dex: 18    Spells: 7/7 levels left

rFire   . . .        d - +2 longbow (chaos)
rCold   . . .        (shield currently unavailable)
rNeg    . . .        q - +0 ring mail
rPois   .            (no helmet)
rElec   .            c - +0 cloak
rCorr   .            g - +0 pair of gloves
SInv    +            (no boots)
Will    .....        (no amulet)
Stlth   +++          r - ring of see invisible
HPRegen 0.27/turn    (no ring)
MPRegen 0.13/turn

%: no passive effects
@: heroic, mesmerised
A: no striking features
a: Renounce Religion, Heroism


You were on level 6 of the Dungeon.
You worshipped Okawaru.
Okawaru was aware of your devotion.
You visited 2 branches of the dungeon, and saw 7 of its levels.
You also visited: Sewer.

You collected 304 gold pieces.
You spent 182 gold pieces at shops.


   Skills:
 - Level 3.0(8.0) Fighting
 + Level 12.0(17.0) Ranged Weapons
 - Level 2.0(7.0) Armour
 - Level 4.2(9.2) Dodging
 - Level 1.2(6.2) Stealth
 + Level 3.2 Invocations


You had 7 spell levels left.
You didn't know any spells.
Your spell library was empty.

Inventory:

Hand Weapons
 d - a +2 longbow of chaos (weapon)
Armour
 c - a +0 cloak (worn)
 g - a +0 pair of gloves (worn)
 q - a +0 ring mail (worn)
Jewellery
 r - a ring of see invisible (left hand)
Wands
 b - a wand of iceblast (10)
 h - a wand of polymorph (20)
 i - a wand of flame (31)
 o - a wand of mindburst (12)
Scrolls
 k - 3 scrolls of identify
Potions
 a - a potion of cancellation
 e - a potion of might {unknown}
 f - a potion of enlightenment
 j - 2 potions of curing
 l - a potion of resistance {unknown}
 m - a potion of heal wounds {unknown}
 n - a potion of haste {unknown}
 s - a potion of degeneration {unknown}

Dungeon Overview and Level Annotations

Branches:
Dungeon (6/15)             Temple (1/1) D:4           Sewer (visited)

Altars:
Ashenzari
Cheibriados
Dithmenos
Elyvilon
Fedhas
Gozag
Hepliaklqana
Kikubaaqudgha
Makhleb
Okawaru
Qazlal
Trog
Uskayaw
Vehumet
Wu Jian
Xom
Yredelemnul
Zin
The Shining One

Shops:
D:6 (:*

Annotations:
D:6 Maggie


Message History

You can access your shopping list by pressing '$'.
A ribbon worm comes into view.
Found a snail-covered altar of Cheibriados.
You shoot an arrow. The arrow hits the ribbon worm!!
The arrow burns the ribbon worm.
You kill the ribbon worm!
Okawaru accepts your kill.
Maggie the Vainglorious comes into view.
She is wielding a +0 heavy war axe.
4723 ||| INVOKING Heroism.
You gain the combat prowess of a mighty hero.
You shoot an arrow.
The arrow hits Maggie but does no damage.
Maggie shouts!
Maggie casts a spell at you. The bolt of fire hits you!!
Ouch! That really hurt!
4725 ||| FLEEEEING.
You start resting.
Maggie is nearby!
You shoot an arrow. The arrow barely misses Maggie.
You shoot an arrow. The arrow closely misses Maggie.
You shoot an arrow. The arrow barely misses Maggie.
Maggie mumbles some strange words.
Maggie attempts to bespell you!
You are mesmerised by Maggie!
You shoot an arrow. The arrow hits Maggie!
Maggie is lightly wounded.
Maggie hits you with a +0 heavy war axe!
You shoot an arrow. The arrow hits Maggie!
Maggie is moderately wounded.
Maggie barely misses you.
You shoot an arrow. The arrow closely misses Maggie.
You shoot an arrow. The arrow barely misses Maggie.
Maggie barely misses you.
You shoot an arrow. The arrow hits Maggie!
Maggie seems to speed up.
Maggie is heavily wounded.
Maggie hits you with a +0 heavy war axe!
You shoot an arrow. The arrow closely misses Maggie.
Maggie hits you with a +0 heavy war axe!
You die...

...^.....#.. ##....#
...........
###..##...#
##......#### #.....#
#.# #......# ##
#.....# # #).....# @.
####.....### ####.###
#. #........... .# #.
##............
#.##......_......#
###
#.#@............##
..##
#.@.............#
##.#
#.......#####.....###
#.# #######.. #.....#
##.####### ###.
#.....# .........# ..
...### >....###.# ##
## ##.#.###.#
#.#..##.#


You could see Maggie (mesmerising, fast).

Vanquished Creatures
  A sky beast (D:6)
  A black bear (D:4)
  2 ogres (D:4)
  4 kobold brigands (Sewer)
  A bullfrog (D:5)
  3 bombardier beetles
  2 orc priests
  A gnoll bouda (D:6)
  2 jellies (D:5)
  2 sleepcaps
  Ijyb (D:5)
  Natasha (thrice) (D:4 D:2)
  4 gnolls (D:5)
  8 adders
  2 river rats
  A shadow imp (D:5)
  2 ufetubi (D:3)
  3 dart slugs
  8 ribbon worms
  13 orcs
  16 endoplasms
  2 giant cockroaches
  4 goblins
  13 hobgoblins
  4 jackals (D:2)
  2 quokkas
  13 ball pythons
  8 bats
  6 frilled lizards
  8 kobolds
  17 rats
157 creatures vanquished.

Notes
Turn   | Place    | Note
-------+----------+-------------------------------------------
     0 | D:1      | qw the Deep Elf Hunter began the quest for the Orb.
     0 | D:1      | Reached XP level 1. HP: 12/12 MP: 3/3
     0 | D:1      | 0 ||| qw: Version: 0.3-a-158-g18b3111
     0 | D:1      | 0 ||| qw: Game counter: 4175
     0 | D:1      | 0 ||| qw: Melee chars always use a shield: true
     0 | D:1      | 0 ||| qw: God list: Okawaru
     0 | D:1      | 0 ||| qw: Allow faded altars: false
     0 | D:1      | 0 ||| qw: Do Orc after clearing Dungeon:15 true
     0 | D:1      | 0 ||| qw: Do second Lair branch before Depths: true
     0 | D:1      | 0 ||| qw: Lair rune preference: random
     0 | D:1      | 0 ||| qw: Goals: Normal
     0 | D:1      | 0 ||| PLANNING D:1-11
    35 | D:1      | HP: 3/12 [dart slug (2)]
    38 | D:1      | Reached XP level 2. HP: 3/16 MP: 4/4
   186 | D:1      | Reached skill level 6 in Ranged Weapons
   527 | D:1      | Reached XP level 3. HP: 20/20 MP: 5/5
   770 | D:1      | 770 ||| READING scroll labelled DAULIECZEJ.
   770 | D:1      | 770 ||| IDENTIFYING 2 fuming sapphire potions
   771 | D:1      | 771 ||| READING 2 scrolls labelled RIERPH NAFUWE.
   771 | D:1      | 771 ||| ENCHANTING +0 shortbow.
   772 | D:1      | 772 ||| READING scroll of enchant weapon.
   772 | D:1      | 772 ||| ENCHANTING +1 shortbow.
   773 | D:1      | 773 ||| READING scroll labelled VUHIET WAYR.
   773 | D:1      | Identified a scroll of acquirement
   773 | D:1      | 773 ||| ACQUIRING +1 longbow of electrocution
   773 | D:1      | Acquired a +1 longbow of electrocution
   775 | D:1      | 775 ||| SWAPPING to +1 longbow of electrocution.
   776 | D:1      | 776 ||| DROPPING +2 shortbow.
   777 | D:1      | 777 ||| DROPPING scroll of butterflies.
   778 | D:1      | 778 ||| DROPPING 2 potions of ambrosia.
   806 | D:2      | Reached skill level 7 in Ranged Weapons
   809 | D:2      | 809 ||| STAIRDANCE
   858 | D:2      | 858 ||| STAIRDANCE
   883 | D:2      | Identified the +0 leather armour of Gluttony {Harm Will+
                  | Int-4}
  1086 | D:2      | Reached XP level 4. HP: 23/25 MP: 6/6
  1410 | D:2      | 1410 ||| DROPPING +0 leather armour of Gluttony {Harm Will+
                  | Int-4}.
  1411 | D:2      | 1411 ||| UPGRADING to +0 pair of gloves.
  1416 | D:2      | 1416 ||| UPGRADING to +0 scale mail.
  1426 | D:2      | 1426 ||| DROPPING +0 leather armour.
  1427 | D:2      | 1427 ||| READING scroll of identify.
  1427 | D:2      | 1427 ||| IDENTIFYING orange potion
  1428 | D:2      | 1428 ||| READING scroll labelled IKHUASMA TUFE.
  1429 | D:2      | 1429 ||| DRINKING 2 ruby potions.
  1430 | D:2      | 1430 ||| DRINKING 3 glowing coppery potions.
  1431 | D:2      | 1431 ||| DROPPING potion of brilliance.
  1439 | D:3      | 1439 ||| PLANNING SEWER
  1739 | D:3      | Reached skill level 8 in Ranged Weapons
  1964 | D:3      | Found a glowing drain.
  1967 | D:3      | 1967 ||| UPGRADING to +0 cloak.
  1972 | D:3      | 1972 ||| DROPPING ring of flight.
  1973 | D:3      | 1973 ||| READING scroll labelled BEMA QONKUFICA.
  1974 | D:3      | 1974 ||| READING scroll labelled COOPPE COFEAF MEO.
  1975 | D:3      | 1975 ||| READING scroll labelled YRIANN CAD JUR.
  1979 | D:3      | 1979 ||| READING scroll labelled ACOHOA UZYI.
  2014 | Sewer    | Entered a sewer
  2016 | Sewer    | Noticed a kobold brigand
  2018 | Sewer    | Killed a kobold brigand
  2019 | Sewer    | Reached XP level 5. HP: 16/29 MP: 7/7
  2167 | Sewer    | Reached skill level 9 in Ranged Weapons
  2167 | Sewer    | Reached XP level 6. HP: 26/34 MP: 8/8
  2628 | Sewer    | 2628 ||| READING scroll labelled DERCHO AS SIS.
  2628 | Sewer    | 2628 ||| BRANDING +1 longbow of electrocution.
  2629 | Sewer    | 2629 ||| READING scroll labelled URAJIC ISUVU.
  2741 | D:3      | 2741 ||| PLANNING D:1-11
  2808 | D:3      | 2808 ||| FLEEEEING.
  2810 | D:3      | 2810 ||| FLEEEEING.
  2811 | D:3      | 2811 ||| FLEEEEING.
  2812 | D:3      | 2812 ||| FLEEEEING.
  2813 | D:3      | 2813 ||| FLEEEEING.
  2814 | D:3      | 2814 ||| FLEEEEING.
  2815 | D:3      | 2815 ||| FLEEEEING.
  2816 | D:3      | 2816 ||| FLEEEEING.
  2817 | D:3      | 2817 ||| FLEEEEING.
  2818 | D:3      | 2818 ||| FLEEEEING.
  2819 | D:3      | 2819 ||| FLEEEEING.
  2820 | D:3      | 2820 ||| FLEEEEING.
  2821 | D:3      | 2821 ||| FLEEEEING.
  2822 | D:3      | 2822 ||| FLEEEEING.
  2823 | D:3      | 2823 ||| FLEEEEING.
  2824 | D:3      | 2824 ||| FLEEEEING.
  2825 | D:3      | 2825 ||| FLEEEEING.
  2826 | D:3      | 2826 ||| FLEEEEING.
  2827 | D:3      | 2827 ||| FLEEEEING.
  2828 | D:3      | 2828 ||| FLEEEEING.
  2829 | D:3      | 2829 ||| FLEEEEING.
  2830 | D:3      | 2830 ||| FLEEEEING.
  2831 | D:3      | 2831 ||| FLEEEEING.
  2832 | D:3      | 2832 ||| FLEEEEING.
  2834 | D:3      | Reached XP level 7. HP: 37/40 MP: 9/9
  3030 | D:4      | Found a staircase to the Ecumenical Temple.
  3031 | D:4      | 3031 ||| PLANNING TEMPLE
  3040 | Temple   | Entered the Ecumenical Temple
  3041 | Temple   | 3041 ||| PLANNING OKAWARU WORSHIP
  3052 | Temple   | Became a worshipper of Warmaster Okawaru
  3053 | Temple   | 3053 ||| PLANNING D:1-11
  3234 | D:4      | Reached skill level 10 in Ranged Weapons
  3259 | D:4      | 3259 ||| ZAPPING wand of iceblast (12) at 0,3 (floor).
  3260 | D:4      | 3260 ||| ZAPPING wand of iceblast (11) at 0,2 (floor).
  3269 | D:4      | Noticed Natasha
  3271 | D:4      | Killed Natasha
  3272 | D:4      | Reached skill level 11 in Ranged Weapons
  3283 | D:4      | Found a glowing silver altar of Zin.
  3365 | D:4      | Reached skill level 3 in Dodging
  3432 | D:4      | Noticed Natasha
  3435 | D:4      | Killed Natasha
  3719 | D:4      | 3719 ||| DRINKING 2 bubbling yellow potions.
  3720 | D:4      | 3720 ||| DROPPING potion of invisibility.
  3741 | D:5      | Entered Level 5 of the Dungeon
  3845 | D:5      | Reached * piety under Okawaru
  3846 | D:5      | Reached XP level 8. HP: 45/45 MP: 10/10
  3925 | D:5      | Reached skill level 1 in Invocations
  3945 | D:5      | Noticed Ijyb
  3949 | D:5      | 3949 ||| FLEEEEING.
  3950 | D:5      | 3950 ||| FLEEEEING.
  3951 | D:5      | 3951 ||| FLEEEEING.
  3952 | D:5      | 3952 ||| FLEEEEING.
  3953 | D:5      | 3953 ||| FLEEEEING.
  3954 | D:5      | 3954 ||| FLEEEEING.
  3955 | D:5      | 3955 ||| FLEEEEING.
  3956 | D:5      | 3956 ||| FLEEEEING.
  3957 | D:5      | 3957 ||| FLEEEEING.
  3958 | D:5      | 3958 ||| FLEEEEING.
  3959 | D:5      | 3959 ||| FLEEEEING.
  3960 | D:5      | 3960 ||| FLEEEEING.
  3961 | D:5      | 3961 ||| FLEEEEING.
  3962 | D:5      | 3962 ||| FLEEEEING.
  3963 | D:5      | 3963 ||| STAIRDANCE
  3964 | D:4      | Noticed Natasha
  3965 | D:4      | 3965 ||| FLEEEEING.
  3966 | D:4      | 3966 ||| FLEEEEING.
  3967 | D:4      | 3967 ||| FLEEEEING.
  3968 | D:4      | 3968 ||| FLEEEEING.
  3969 | D:4      | 3969 ||| FLEEEEING.
  3970 | D:4      | 3970 ||| FLEEEEING.
  3971 | D:4      | 3971 ||| FLEEEEING.
  3972 | D:4      | 3972 ||| FLEEEEING.
  3973 | D:4      | 3973 ||| FLEEEEING.
  3974 | D:4      | 3974 ||| FLEEEEING.
  3975 | D:4      | 3975 ||| FLEEEEING.
  3976 | D:4      | 3976 ||| FLEEEEING.
  3977 | D:4      | 3977 ||| FLEEEEING.
  3978 | D:4      | 3978 ||| FLEEEEING.
  3979 | D:4      | 3979 ||| FLEEEEING.
  3980 | D:4      | 3980 ||| FLEEEEING.
  3981 | D:4      | 3981 ||| FLEEEEING.
  3982 | D:4      | 3982 ||| FLEEEEING.
  3983 | D:4      | 3983 ||| FLEEEEING.
  3984 | D:4      | 3984 ||| FLEEEEING.
  3985 | D:4      | 3985 ||| FLEEEEING.
  3986 | D:4      | 3986 ||| FLEEEEING.
  3987 | D:4      | 3987 ||| FLEEEEING.
  3988 | D:4      | 3988 ||| FLEEEEING.
  3989 | D:4      | 3989 ||| FLEEEEING.
  3990 | D:4      | 3990 ||| FLEEEEING.
  3991 | D:4      | 3991 ||| FLEEEEING.
  3992 | D:4      | 3992 ||| FLEEEEING.
  3993 | D:4      | 3993 ||| FLEEEEING.
  3994 | D:4      | 3994 ||| FLEEEEING.
  3995 | D:4      | 3995 ||| FLEEEEING.
  3996 | D:4      | 3996 ||| FLEEEEING.
  3997 | D:4      | 3997 ||| FLEEEEING.
  3998 | D:4      | 3998 ||| FLEEEEING.
  3999 | D:4      | 3999 ||| FLEEEEING.
  4000 | D:4      | 4000 ||| FLEEEEING.
  4001 | D:4      | 4001 ||| STAIRDANCE
  4003 | D:3      | 4003 ||| FLEEEEING.
  4004 | D:3      | 4004 ||| FLEEEEING.
  4005 | D:3      | 4005 ||| STAIRDANCE
  4007 | D:2      | 4007 ||| FLEEEEING.
  4008 | D:2      | 4008 ||| FLEEEEING.
  4009 | D:2      | 4009 ||| FLEEEEING.
  4010 | D:2      | 4010 ||| FLEEEEING.
  4011 | D:2      | 4011 ||| FLEEEEING.
  4012 | D:2      | 4012 ||| FLEEEEING.
  4013 | D:2      | 4013 ||| FLEEEEING.
  4014 | D:2      | 4014 ||| FLEEEEING.
  4015 | D:2      | 4015 ||| STAIRDANCE
  4017 | D:1      | 4017 ||| READING scroll of teleportation.
  4036 | D:1      | 4036 ||| UPGRADING to +0 ring mail.
  4046 | D:1      | 4046 ||| DROPPING +0 scale mail.
  4047 | D:1      | 4047 ||| UPGRADING to ring of see invisible.
  4048 | D:1      | 4048 ||| DRINKING 2 murky pink potions.
  4049 | D:1      | 4049 ||| DROPPING potion of attraction.
  4076 | D:2      | Killed Natasha
  4077 | D:2      | Reached skill level 12 in Ranged Weapons
  4143 | D:5      | Killed Ijyb
  4245 | D:5      | 4245 ||| READING scroll of enchant weapon.
  4245 | D:5      | 4245 ||| ENCHANTING +1 longbow of chaos.
  4381 | D:5      | 4381 ||| READING scroll of identify.
  4381 | D:5      | 4381 ||| IDENTIFYING glowing yellow potion
  4382 | D:5      | 4382 ||| READING scroll labelled AWUHECO XAOSYDWOPI.
  4383 | D:5      | 4383 ||| READING scroll labelled WUIHEA URRI.
  4484 | D:5      | 4484 ||| DROPPING potion of lignification.
  4540 | D:6      | Found Niti's Book Boutique.
  4592 | D:6      | Found Gisouhor's Weapon Shoppe.
  4594 | D:6      | Reached skill level 3 in Fighting
  4609 | D:6      | Reached skill level 3 in Invocations
  4680 | D:6      | Found Xusut's General Store.
  4692 | D:6      | 4692 ||| SHOPLISTING +4 ring mail of cold resistance (403
                  | gold, have 304).
  4692 | D:6      | 4692 ||| BUYING potion of cancellation (104 gold).
  4692 | D:6      | Bought a potion of cancellation for 104 gold pieces
  4692 | D:6      | 4692 ||| BUYING scroll of identify (26 gold).
  4692 | D:6      | Bought a scroll of identify for 26 gold pieces
  4692 | D:6      | 4692 ||| BUYING scroll of identify (26 gold).
  4692 | D:6      | Bought a scroll of identify for 26 gold pieces
  4692 | D:6      | 4692 ||| BUYING scroll of identify (26 gold).
  4692 | D:6      | Bought a scroll of identify for 26 gold pieces
  4707 | D:6      | Found a snail-covered altar of Cheibriados.
  4722 | D:6      | Noticed Maggie
  4723 | D:6      | 4723 ||| INVOKING Heroism.
  4725 | D:6      | 4725 ||| FLEEEEING.
  4737 | D:6      | HP: 1/46 [Maggie/+0 heavy war axe (15)]
  4738 | D:6      | Mangled by Maggie

Levels and vault maps discovered:
D:1:      shiori_arrival_maze, layout_basic, minmay_tall_x
D:2:      layout_rooms
D:3:      layout_loops_cross, portal_sewer_entry_e
D:4:      layout_basic, mainiacjoe_overflow_chevrons,
          minmay_temple_entry_water_ring, uniq_natasha
D:5:      layout_rooms, minmay_strange_pillars, uniq_ijyb
D:6:      layout_loops_cross, slow_altar_1, serial_shops, shop,
          nicolae_shop_waterfront, shop, shop,
          nicolae_shop_tiny_real_fake_doors, hex_tiny, minmay_misc_feat_hallway,
          minmay_joined_circles, uniq_maggie, uniq_duvessa
Temple:   bh_familiar_temple

Skill      XL: |  1  2  3  4  5  6  7  8 |
---------------+-------------------------+-----
Ranged Weapons | 6 7 8 9 11 12 | 12.0
Armour         | 2 |  2.0
Fighting       | 2 3 |  3.0
Dodging        | 3 4 |  4.2
Invocations    | 3 |  3.2
Stealth        | |  1.2

Action                     |  1- 3 |  4- 6 |  7- 9 || total
---------------------------+-------+-------+-------++-------
   Fire: Shortbow          |    68 |       |       ||    68
         Longbow           |    44 |   129 |   130 ||   303
 Invoke: Heroism           |       |       |     1 ||     1
  Evoke: Wand              |       |       |     2 ||     2
    Use: Scroll            |     4 |     8 |     5 ||    17
         Potion            |       |     2 |     2 ||     4
 Armour: Leather armour    |    23 |     9 |       ||    32
         Scale mail        |       |    33 |     9 ||    42
         Ring mail         |       |       |    13 ||    13
         Skin              |       |       |     3 ||     3
  Dodge: Dodged            |    32 |    31 |    21 ||    84

Table legend:
 A = Non-vault XP
 B = Vault XP
 C = Vault XP percentage of total XP
 D = Non-vault monster count
 E = Vault monster count
 F = Vault count percentage of total count
                 A         B        C        D         E       F
            +---------+---------+-------+---------+---------+-------
      Total |    1387 |     583 |  29.6 |     117 |      40 |  25.5
            +---------+---------+-------+---------+---------+-------
        D:1 |      37 |      11 |  22.9 |      22 |       6 |  21.4
        D:2 |     103 |       0 |   0.0 |      31 |       0 |   0.0
        D:3 |     127 |      24 |  15.9 |      24 |       8 |  25.0
        D:4 |     509 |      35 |   6.4 |      20 |       1 |   4.8
        D:5 |     389 |      35 |   8.3 |      15 |       1 |   6.2
        D:6 |     222 |       4 |   1.8 |       5 |       1 |  16.7
      Sewer |       0 |     474 | 100.0 |       0 |      23 | 100.0
            +---------+---------+-------+---------+---------+-------
